 Dungeon Crawl Stone Soup version 0.31.0-11-ge490571c62 (console) character file.

Game seed: 2871033675549977813

51142 jejorda2 the Metamorph (level 14, -4/113 HPs)
             Began as a Purple Draconian Berserker on Feb 2, 2024.
             Was a High Priest of Trog.
             Incinerated by a deep elf pyromancer (20 damage)
             ... with a pyre arrow
             ... on level 12 of the Dungeon on Feb 3, 2024.
             The game lasted 00:42:17 (19067 turns).

jejorda2 the Metamorph (DrBe)                      Turns: 19067, Time: 00:42:19

Health: -4/113     AC: 20    Str: 24    XL:     14   Next: 22%
Magic:  14/14      EV: 14    Int: 11    God:    Trog [*****.]
Gold:   1382       SH:  0    Dex: 12    Spells: 13/13 levels left

rFire   . .          .
                       - Unarmed
rCold   + . .        (no shield)
rNeg    . . .        (body armour unavailable)
rPois   .            o - +2 hat
rElec   .            N - +2 cloak {Will+}
rCorr   .            (no gloves)
SInv    .            G - +2 pair of boots
Will    +++..        O - amulet of Avomen {Acrobat Int+4}
Stlth   +            n - +4 ring of protection
HPRegen 0.38/turn    s - ring of protection from cold
MPRegen 0.14/turn

%: acrobat
@: on fire, short of breath, maw-form, on berserk cooldown, slowed, glowing,
very slow
A: devouring maw, breathe power, AC +8, unfitting armour, cold-blooded
a: Breathe Dispelling Energy, Begin Untransformation, Renounce Religion,
Berserk, Trog's Hand, Brothers in Arms


You were on level 12 of the Dungeon.
You worshipped Trog.
Trog was extremely pleased with you.
You were a creature with a mouth for a stomach.
You visited 2 branches of the dungeon, and saw 17 of its levels.
You also visited: Ice Cave.

You collected 1382 gold pieces.

Inventory:

Missiles
 j - 22 poisoned darts
 v - 4 datura-tipped darts
 A - a throwing net
 B - 4 boomerangs
 C - 7 curare-tipped darts
Armour
 o - a +2 hat (worn)
 G - a +2 pair of boots (worn)
 N - a +2 cloak of willpower (worn)
Jewellery
 n - a +4 ring of protection (left hand)
 s - a ring of protection from cold (right hand)
 O - the amulet of Avomen (around neck) {Acrobat Int+4}
   (You found it on level 12 of the Dungeon)

   [amulet of the acrobat]

   Acrobat:   It increases your evasion while moving and waiting.
   Int+4:     It affects your intelligence (+4).
Talismans
 z - a maw talisman (active)
Wands
 b - a wand of flame (8)
 d - a wand of iceblast (28)
 q - a wand of mindburst (39)
 x - a wand of paralysis (43)
 D - a wand of polymorph (4)
 E - a wand of acid (5)
 J - a wand of digging (5)
Scrolls
 a - a scroll of identify
 g - 5 scrolls of teleportation
 h - 2 scrolls of enchant armour
 r - 2 scrolls of fear
 t - 8 scrolls of revelation
 u - 3 scrolls of butterflies
 y - a scroll of silence
 H - 2 scrolls of poison
 I - a scroll of fog
Potions
 c - 3 potions of heal wounds
 e - 6 potions of might
 f - 2 potions of cancellation
 i - 3 potions of berserk rage
 l - 2 potions of resistance
 m - 5 potions of attraction
 p - 10 potions of curing
 w - 3 potions of enlightenment
 F - 2 potions of invisibility
 L - a potion of mutation
 M - a potion of haste
Miscellaneous
 K - a phial of floods


   Skills:
 + Level 7.1 Fighting
 - Level 6.0 Dodging
 + Level 12.0 Unarmed Combat
 - Level 7.0 Evocations
 * Level 18.0 Shapeshifting


You had 13 spell levels left.
You didn't know any spells.
Your spell library was empty.

Dungeon Overview and Level Annotations

Branches:
Dungeon (12/15)            Temple (0/1) D:4            Lair (5/5) D:8
 Shoals (0/4) Lair:2       Spider (0/4) Lair:2        Slime (0/5) Lair:4
    Orc (0/2) D:10          IceCv (visited)

Altars:
Makhleb
Trog
Zin
Jiyva

Shops:
D:5 (


Innate Abilities, Weirdness & Mutations

You are a creature with a mouth for a stomach.
Your midsection houses a second, enormous mouth.
You can breathe bolts of dispelling energy.
Your rich purple scales are hard. (AC +8)
You cannot fit into any form of body armour.
You are cold-blooded and may be slowed by cold attacks.


Message History

The fire elemental hits you. The fire elemental burns you!
You hit the fire elemental. You tail-slap the fire elemental.
You bite the fire elemental, but do no damage.
The fire elemental is moderately damaged.
You closely miss the fire elemental. You bite the fire elemental!
The fire elemental is severely damaged.
You are no longer berserk.
You are exhausted.
You feel yourself slow down. The fire elemental hits you.
The fire elemental burns you!
You barely miss the fire elemental. You bite the fire elemental.
The fire elemental is almost destroyed.
The fire elemental hits you. The fire elemental burns you!
The fire elemental hits you.
You closely miss the fire elemental.
Your tail-slap misses the fire elemental.
You bite the fire elemental, but do no damage.
The fire elemental is almost destroyed.
The fire elemental hits you. The fire elemental burns you!
The deep elf pyromancer casts a spell at you.
The pyre arrow hits you.
You are covered in intense liquid fire!
Aiming: Breathe Dispelling Energy (1% risk of failure)
Press: ? - help, Shift-Dir - straight line, f - deep elf pyromancer
Aim: a deep elf pyromancer, wielding a +0 long sword (45% to hit)
You breathe a bolt of dispelling energy.
The bolt of dispelling energy hits the deep elf pyromancer!
The deep elf pyromancer is moderately wounded.
The liquid fire burns you!
* * * LOW HITPOINT WARNING * * *
The fire elemental closely misses you. The fire elemental hits you.
The fire elemental burns you!
* * * LOW HITPOINT WARNING * * *
You pummel the deep elf pyromancer!! You punch the deep elf pyromancer.
You kill the deep elf pyromancer!
Trog accepts your kill.
Trog appreciates your killing of a magic user.
The fire elemental disappears in a puff of smoke!
The liquid fire burns you!
You die...

.......# ##########
#......#### .......#
#.....<..# ###....).#
.......# #........#
.........#
.......###?.......#
###......# ##
###.###...........#
#......# #. #.#
#.##....)...# #......#
#. #.# #.#####.#####
#......# #. #.# #.#
#)#####.# ######## #.
#.# #.# #..)W§..# #.
#.###.##################
#.
#.##.^.................#
#.
#.##..################.#
#. #.....".# #.# #.
#.#####.# #.# #. #.# #.#
#.#######. #.# #.#
#.........
.#####.#####.#
##########


There were no monsters in sight!

Vanquished Creatures
  An ice dragon (Lair:4)
  3 hydras
  Erolcha (D:10)
  Harold (D:10)
  2 catoblepae (Lair:4)
  5 death yaks (Lair:4)
  Sonja (D:10)
  Amaemon (D:9)
  A goliath frog (Lair:5)
  2 skysharks
  An arcanist (D:12)
  A deep elf pyromancer (D:12)
  2 ugly things (IceCv)
  A cyclops (D:12)
  5 black mambas
  A merfolk siren (Lair:2)
  15 cane toads
  3 gargoyles
  3 ice statues (IceCv)
  Jeremiah (D:7)
  An orange demon (D:9)
  An unseen horror (D:12)
  2 rime drakes (Lair:2)
  An anaconda simulacrum (IceCv)
  11 komodo dragons
  3 merfolk (Lair:2)
  3 tyrant leeches (Lair:5)
  5 polar bears (Lair:4)
  15 blink frogs (Lair:5)
  2 slime creatures (D:12)
  3 jumping spiders (Lair:2)
  4 shadows
  53 yaks
  A dire elephant simulacrum (IceCv)
  2 wraiths
  4 wyverns
  A steam dragon (D:8)
  2 redbacks (Lair:2)
  A basilisk (Lair:4)
  14 vampire mosquitoes
  Menkaure (D:6)
  Duvessa (D:7)
  19 water moccasins
  An ice beast (D:7)
  10 orc warriors
  A sky beast (D:6)
  An ogre (D:5)
  4 black bears
  7 wolves
  2 centaurs
  3 kobold brigands
  2 phantoms
  19 bullfrogs
  5 scorpions
  Dowan (D:7)
  21 wights
  2 electric eels (Lair:5)
  A howler monkey (D:4)
  6 hounds
  5 jellies
  A gnoll bouda (D:8)
  11 orc priests
  Crazy Yiuf (D:2)
  A sleepcap (D:4)
  2 iguanas
  9 orc wizards
  2 polar bear simulacra (IceCv)
  4 wolf simulacra (IceCv)
  13 gnolls
  4 adders
  A white imp (D:5)
  2 ufetubi (D:7)
  3 ribbon worms
  2 dart slugs (D:4)
  45 orcs
  6 bats
  2 endoplasms
  3 giant cockroaches
  5 goblins
  5 hobgoblins
  5 jackals (D:1)
  3 quokkas
  6 ball pythons
  3 frilled lizards
  16 kobolds
  7 rats
454 creatures vanquished.

Vanquished Creatures (collateral kills)
  An orc warrior (D:10)
  2 orc priests (D:10)
  2 orc wizards (D:10)
  4 orcs (D:10)
9 creatures vanquished.

Vanquished Creatures (others)
  A ball python (D:2)
1 creature vanquished.

Grand Total: 464 creatures vanquished

Notes
Turn   | Place    | Note
-------+----------+-------------------------------------------
     0 | D:1      | jejorda2 the Draconian Berserker began the quest for the
                  | Orb.
     0 | D:1      | Reached XP level 1. HP: 19/19 MP: 1/1
   145 | D:1      | Reached XP level 2. HP: 24/26 MP: 2/2
   256 | D:1      | Reached skill level 1 in Shapeshifting
   850 | D:2      | Reached XP level 3. HP: 31/31 MP: 3/3
   877 | D:2      | Reached ** piety under Trog
  1157 | D:2      | Found a runed translucent door.
  1158 | D:2      | Noticed Crazy Yiuf
  1165 | D:2      | Killed Crazy Yiuf
  1320 | D:2      | Reached XP level 4. HP: 39/40 MP: 4/4
  1540 | D:2      | Reached skill level 2 in Shapeshifting
  2477 | D:4      | Reached XP level 5. HP: 43/46 MP: 5/5
  2513 | D:4      | Reached skill level 3 in Shapeshifting
  2601 | D:4      | Found a staircase to the Ecumenical Temple.
  2623 | D:4      | Reached XP level 6. HP: 53/53 MP: 6/6
  2746 | D:4      | Reached skill level 5 in Unarmed Combat
  3131 | D:5      | Entered Level 5 of the Dungeon
  3301 | D:4      | Found a staircase to the Ecumenical Temple.
  3608 | D:5      | Reached skill level 4 in Shapeshifting
  3614 | D:5      | Your scales start taking on a rich purple colour.
  3614 | D:5      | Reached XP level 7. HP: 55/60 MP: 5/7
  3695 | D:5      | Found Viet's Antique Weapon Shop.
  3795 | D:5      | You fall into a shaft and drop 1 floor!
  3819 | D:6      | Reached skill level 5 in Fighting
  4131 | D:6      | Noticed Menkaure
  4140 | D:6      | Killed Menkaure
  4141 | D:6      | Reached skill level 5 in Shapeshifting
  4141 | D:6      | Reached XP level 8. HP: 60/69 MP: 6/8
  4868 | D:5      | Reached skill level 6 in Shapeshifting
  5121 | D:5      | Found a bloodstained altar of Trog.
  6130 | D:7      | Reached XP level 9. HP: 78/78 MP: 9/9
  6224 | D:7      | Identified the +1 robe of the Trilobite {Int+3 Dex+4}
  6239 | D:7      | Reached *** piety under Trog
  6251 | D:7      | Noticed Jeremiah
  6262 | D:7      | Killed Jeremiah
  6262 | D:7      | Noticed Duvessa
  6263 | D:7      | Reached skill level 7 in Shapeshifting
  6276 | D:7      | Killed Duvessa
  6539 | D:7      | Noticed Dowan
  6546 | D:7      | Killed Dowan
  6646 | D:8      | Noticed a komodo dragon
  6667 | D:8      | Killed a komodo dragon
  6668 | D:8      | Reached skill level 8 in Shapeshifting
  6868 | D:8      | Noticed a gargoyle
  6884 | D:8      | Killed a gargoyle
  6885 | D:8      | Reached XP level 10. HP: 40/86 MP: 4/10
  6934 | D:8      | Reached skill level 9 in Shapeshifting
  7134 | D:8      | Reached skill level 10 in Unarmed Combat
  7210 | D:8      | Found a staircase to the Lair.
  7781 | D:9      | Reached **** piety under Trog
  7984 | D:9      | Identified the +3 long sword of Precise Incision {heavy,
                  | *Slow rElec Int+3}
  8032 | D:9      | Found a burning altar of Makhleb.
  8111 | D:9      | Noticed Amaemon
  8113 | D:9      | Reached skill level 10 in Shapeshifting
  8379 | D:9      | Reached skill level 11 in Shapeshifting
  8421 | D:9      | Noticed an orange demon
  8458 | D:9      | Killed Amaemon
  8524 | D:9      | Killed an orange demon
  9276 | D:10     | Entered Level 10 of the Dungeon
  9276 | D:10     | Noticed Harold
  9289 | D:10     | Killed Harold
  9290 | D:10     | Reached skill level 12 in Shapeshifting
  9290 | D:10     | Reached XP level 11. HP: 73/92 MP: 7/11
  9383 | D:10     | Noticed Sonja
  9422 | D:10     | Killed Sonja
  9479 | D:10     | Noticed Erolcha
  9494 | D:10     | Killed Erolcha
 10052 | D:10     | Found a staircase to the Orcish Mines.
 10181 | Lair:1   | Entered Level 1 of the Lair of Beasts
 10460 | Lair:1   | Reached skill level 13 in Shapeshifting
 11092 | Lair:1   | Reached skill level 5 in Dodging
 11450 | Lair:2   | Found a staircase to the Shoals.
 11761 | Lair:2   | Noticed an eight-headed hydra
 11767 | Lair:2   | Killed an eight-headed hydra
 11768 | Lair:2   | Reached skill level 14 in Shapeshifting
 11768 | Lair:2   | Reached XP level 12. HP: 100/100 MP: 10/12
 11799 | Lair:2   | Identified the +7 falchion of World's End {vamp, *Rage
                  | rPois rN+++ SInv}
 12018 | Lair:2   | Found a hole to the Spider Nest.
 12099 | Lair:2   | Reached skill level 1 in Evocations
 13531 | Lair:4   | Reached skill level 15 in Shapeshifting
 13560 | Lair:4   | Found a frozen archway.
 13564 | Lair:4   | Noticed an ice dragon
 13588 | Lair:4   | Reached ***** piety under Trog
 13598 | Lair:4   | Killed an ice dragon
 13599 | Lair:4   | Reached skill level 5 in Evocations
 13626 | IceCv    | Entered an ice cave
 14128 | IceCv    | Identified the +0 long sword of Dishonour {protect, rN+}
 14253 | Lair:4   | Noticed a catoblepas
 14274 | Lair:4   | Killed a catoblepas
 14276 | Lair:4   | Noticed a seven-headed hydra
 14288 | Lair:4   | Killed a seven-headed hydra
 14298 | Lair:4   | Reached XP level 13. HP: 105/105 MP: 9/13
 14911 | Lair:4   | Reached skill level 16 in Shapeshifting
 15004 | Lair:4   | Found a staircase to the Slime Pits.
 15063 | Lair:4   | Found a viscous altar of Jiyva.
 15428 | Lair:5   | Entered Level 5 of the Lair of Beasts
 15705 | Lair:5   | Found a glowing silver altar of Zin.
 15972 | Lair:5   | Reached skill level 17 in Shapeshifting
 16077 | Lair:5   | Identified the +1 leather armour of the Chimera {Regen+
                  | Int+3 Dex-5}
 16697 | Lair:5   | Received a gift from Trog
 16790 | Lair:5   | Reached XP level 14. HP: 113/113 MP: 14/14
 18765 | D:12     | Reached skill level 18 in Shapeshifting
 18963 | D:12     | Identified the amulet of Avomen {Acrobat Int+4}
 19067 | D:12     | Incinerated by a deep elf pyromancer

Illustrated notes

Levels and vault maps discovered:
D:1:      hellmonk_arrival_library, layout_rooms
D:2:      layout_basic, lemuel_flame_loot_1, uniq_crazy_yiuf_cottage
D:3:      layout_loops_ring, chequers_hall_statues_corner_a
D:4:      layout_basic, minmay_temple_entry_stoned_glass
D:5:      layout_basic, trog_book, serial_shops, shop
D:6:      layout_gridville, uniq_menkaure
D:7:      layout_basic, kennysheep_nondescript, uniq_jeremiah, uniq_duvessa
D:8:      layout_loops_cross, grunt_lair_entry_orc_guard_hut
D:9:      layout_loops_ring, bloody_makhleb, uniq_amaemon
D:10:     layout_cave_pools, david_orc_4, uniq_sonja, uniq_harold, uniq_erolcha
D:11:     layout_stronghold
D:12:     layout_basic
Lair:1:   layout_cave_pods
Lair:2:   layout_loops_ring, elwin_shoals_entry_stream,
          nicolae_spider_entry_tight_spaces
Lair:3:   hellmonk_destroyed_diamonds, layout_chaotic_city, lemuel_fruit_fields,
          serial_bayou_shore_b
Lair:4:   layout_concentric_octagons, slime_entry_1,
          portal_ice_cave_entry_animals_and_master, beast_lair_carwin_9,
          grunt_megastairs_4
Lair:5:   minmay_lair_end_frog_pond, layout_gridlike, basic_altar

Skill      XL: |  1  2  3  4  5  6  7  8  9 10 11 12 13 14 |
---------------+-------------------------------------------+-----
Shapeshifting  | 1 2 3 4 5 6 8 12 14 15 17 18 | 18.0
Unarmed Combat | 4 5 6 8 9 10 11 12 | 12.0
Fighting       | 4 5 6 7 |  7.1
Dodging        | 6 |  6.0
Evocations     | 6 7 |  7.0

Action                     |  1- 3 |  4- 6 |  7- 9 | 10-12 | 13-15 || total
---------------------------+-------+-------+-------+-------+-------++-------
  Melee: Unarmed           |   101 |   177 |   287 |   603 |   474 ||  1642
         Tailslap          |     5 |    22 |    42 |    99 |    70 ||   238
         Punch             |     2 |     5 |    10 |    33 |    32 ||    82
         Maw               |       |       |       |   181 |   166 ||   347
  Throw: Dart              |       |     4 |       |     2 |       ||     6
         Boomerang         |       |       |       |     5 |     1 ||     6
 Invoke: Berserk           |     1 |     2 |     6 |    13 |     6 ||    28
         Trog's Hand       |     1 |     3 |     1 |     6 |     6 ||    17
         Brothers in Arms  |       |       |       |     1 |       ||     1
Ability: Breathe Dispellin |       |       |    15 |    10 |     8 ||    33
  Evoke: Wand              |       |       |     8 |     2 |     2 ||    12
    Use: Scroll            |       |     1 |    16 |    10 |     5 ||    32
   Stab: Sleeping          |       |     2 |       |       |       ||     2
         Paralysed         |       |       |     1 |     2 |       ||     3
 Armour: Skin              |    57 |   102 |   203 |   416 |   274 ||  1052
  Dodge: Dodged            |    69 |    86 |   163 |   331 |   230 ||   879
   Form: Maw               |       |       |       |     1 |       ||     1
